 Dungeon Crawl Stone Soup version 0.19-a0-630-g098d46c (webtiles) character file.

801 rabidgoldfish the Covered (level 7, 0/63 HPs)
             Began as a Deep Dwarf Fighter on June 14, 2016.
             Killed from afar by an orc wizard (2 damage)
             ... with a puff of flame
             ... on level 5 of the Dungeon.
             The game lasted 00:44:51 (3936 turns).

rabidgoldfish the Covered (Deep Dwarf Fighter)      Turns: 3936, Time: 00:44:52

Health: 0/63       AC: 12    Str: 21    XL:     7   Next: 59%
Magic:  7/7        EV: 10    Int:  9    God:
Gold:   156        SH: 10    Dex: 12    Spells: 0 memorised, 6 levels left

rFire  . . .     SeeInvis .     a - +1 war axe
rCold  . . .     Gourm    .     b - +3 scale mail
rNeg   . . .     Faith    .     c - +0 shield
rPois  .         Spirit   .     n - +1 helmet
rElec  .         Dismiss  .     (no cloak)
rCorr  .         Reflect  .     (no gloves)
SustAt .         Harm     .     (no boots)
MR     +....                    (no amulet)
Stlth  ..........               (no ring)
                                (no ring)

@: non-regenerating, somewhat resistant to hostile enchantments, extremely
unstealthy
A: damage resistance, recharge devices, sense surroundings 1, slow regeneration
3
a: Device Recharging


You were on level 5 of the Dungeon.
You were not hungry.

You visited 1 branch of the dungeon, and saw 5 of its levels.

You collected 228 gold pieces.
You spent 72 gold pieces at shops.

Inventory:

Hand Weapons
 a - a +1 war axe (weapon)
Armour
 b - a +3 scale mail (worn)
 c - a +0 shield (worn)
 d - a +0 pair of boots
 n - a +1 helmet (worn)
Jewellery
 p - an uncursed amulet of the gourmand
Wands
 e - a wand of heal wounds (0/9)
Scrolls
 g - 2 scrolls of remove curse
 i - a scroll of fear
 l - 2 scrolls of amnesia
Potions
 h - a potion of degeneration
 j - a potion of agility
 q - a potion of mutation
 s - 2 potions of flight
 u - 3 potions of curing
 x - 2 potions of lignification
Books
 t - a book of Callings

   Spells                             Type                      Level
   a - Summon Small Mammal            Summoning                    1
   b - Call Imp                       Summoning                    2
   c - Call Canine Familiar           Summoning                    3
   d - Summon Guardian Golem          Hexes/Summoning              3
   e - Summon Lightning Spire         Summoning/Air                4
   f - Summon Ice Beast               Ice/Summoning                4
 w - a book of Battle

   Spells                             Type                      Level
   a - Infusion                       Charms                       1
   b - Shroud of Golubria             Charms/Translocation         2
   c - Song of Slaying                Charms                       2
   d - Spectral Weapon                Hexes/Charms                 3
   e - Regeneration                   Charms/Necromancy            3
Comestibles
 f - 7 bread rations


   Skills:
 + Level 3.7 Fighting
 + Level 4.1 Axes
 + Level 5.6 Armour
 + Level 4.4 Dodging
 + Level 1.1 Stealth
 + Level 5.4 Shields
 + Level 0.3 Evocations


You had 6 spell levels left.
You didn't know any spells.

Dungeon Overview and Level Annotations

Branches:
Dungeon (5/15)
 Temple: D:4-7

Altars:
Dithmenos
Fedhas
Gozag
Hepliaklqana
Nemelex Xobeh
Pakellas
Ru
Xom

Shops:
D:4 *   D:5 [


Innate Abilities, Weirdness & Mutations

You are resistant to damage.
You can recharge devices by infusing magical energy.
You passively map a small area around you.
You do not regenerate naturally.


Message History

The magic dart hits you!
You closely miss something. Something hits you but does no damage.
You barely miss something. Something hits you but does no damage.
You block something's attack.
Your shield and scale mail prevent you from hitting the phantom.
You barely miss something.
The phantom blinks!
You hear some strange, mumbled words.
Something tries to affect you, but you resist.
The phantom blinks!
You closely miss something. Something hits you but does no damage.
You miss something.
Something hits you but does no damage. x2
Your shield and scale mail prevent you from hitting something.
Something hits you but does no damage.
You closely miss something. Something hits you but does no damage.
The phantom blinks!
You hit something.
An orc wizard appears from thin air!
Reactivating autopickup.
The orc wizard casts a spell at you. The puff of flame hits you!
You die...

#o.................# #..###.####.
..o.............#......####.####.
.....###...........######.....###
.....###............ * #.#...#
.†...o[........#.#.## ......##
....###........#.#..#..##....#
.....##..##....#....#......###
#.##....###..#.o#)....#....
#.##...........)@.......... *
..#.......#...#####..###... ,
.##.......#...#** ....,
.##.<...).#.... ##.. **
.###............ , , . * *
................#* ,,* *
.##........####.. , ,*
.##........# ... , * ..........##
* ,


You could see an orc wizard.

Vanquished Creatures
  Sigmund (D:2)
  Menkaure (D:5)
  2 howler monkeys (D:4)
  4 crimson imps
  A jelly (D:5)
  A centaur zombie (D:5)
  An iguana (D:5)
  2 worker ants (D:4)
  6 gnolls
  7 adders
  An ooze (D:1)
  A worm (D:2)
  5 giant geckos
  4 orcs
  5 giant cockroaches
  4 goblins
  3 hobgoblins
  7 jackals
  2 kobolds
  2 quokkas
  3 ball pythons
  4 bats
  3 giant newts (D:1)
  9 rats
79 creatures vanquished.

Vanquished Creatures (others)
  A lightning spire (D:3)
  2 bushes (D:3)
3 creatures vanquished.

Grand Total: 82 creatures vanquished

Notes
Turn   | Place    | Note
--------------------------------------------------------------
     0 | D:1      | rabidgoldfish the Deep Dwarf Fighter began the quest for the Orb.
     0 | D:1      | Reached XP level 1. HP: 20/20 MP: 1/1
    26 | D:1      | Reached XP level 2. HP: 24/27 MP: 2/2
   280 | D:1      | Reached XP level 3. HP: 19/33 MP: 3/3
   658 | D:2      | Reached skill level 1 in Dodging
   899 | D:2      | Found a sacrificial altar of Ru.
  1084 | D:2      | Found an opulent altar of Gozag.
  1131 | D:2      | Noticed Sigmund
  1180 | D:2      | Killed Sigmund
  1180 | D:2      | Reached XP level 4. HP: 20/42 MP: 4/4
  1180 | D:2      | Reached XP level 5. HP: 23/49 MP: 5/5
  1319 | D:2      | Found a sparkling altar of Nemelex Xobeh.
  1320 | D:2      | Reached skill level 1 in Stealth
  1691 | D:3      | Found a shimmering altar of Xom.
  1986 | D:3      | Found a blossoming altar of Fedhas.
  2001 | D:3      | Found a shadowy altar of Dithmenos.
  2127 | D:3      | Found an oddly glowing altar of Pakellas.
  2128 | D:3      | Noticed a deep elf knight
  2208 | D:3      | Reached XP level 6. HP: 52/56 MP: 6/6
  2223 | D:3      | Reached skill level 5 in Armour
  2652 | D:5      | Entered Level 5 of the Dungeon
  2732 | D:4      | Found a hazy altar of Hepliaklqana.
  2835 | D:4      | Found a blossoming altar of Fedhas.
  3008 | D:4      | Reached skill level 5 in Shields
  3132 | D:4      | Reached XP level 7. HP: 45/62 MP: 7/7
  3235 | D:4      | Found Wutiby's General Store.
  3243 | D:4      | Bought a potion of curing for 36 gold pieces
  3243 | D:4      | Bought a potion of flight for 36 gold pieces
  3577 | D:5      | Found Heda Ont's Armour Shop.
  3587 | D:5      | Noticed Menkaure
  3601 | D:5      | Killed Menkaure
  3925 | D:5      | HP: 2/63 [something (3)]
  3936 | D:5      | Killed from afar by an orc wizard

Vault maps used:
D:1:      scummos_arrival_star, dk_noncrumbling_3
D:2:      nicolae_ru_sacrificial_ziggurat, marbit_many_paths,
          grunt_gozag_breadcrumbs, uniq_sigmund
D:3:      nicolae_overflow_hidden_temple, led_xom_imps, grunt_dithmenos_smoke,
          first_bread, gammafunk_pakellas_spire_experiment
D:4:      overflow_temple_1_default, portal_sewer_entry_f, serial_shops, shop,
          fedhas_altar_2
D:5:      serial_shops, shop, uniq_menkaure

Skill      XL: |  1  2  3  4  5  6  7 |
---------------+----------------------+-----
Dodging        | 2 3 4 |  4.4
Fighting       | 3 |  3.7
Axes           | 3 4 |  4.1
Armour         | 4 5 |  5.6
Shields        | 4 5 |  5.4
Stealth        | 1 |  1.1
Evocations     | |  0.3

Action                   |  1- 3 |  4- 6 |  7- 9 || total
-------------------------+-------+-------+-------++-------
Melee: War axe           |   137 |   160 |    90 ||   387
Evoke: Wand              |     1 |     1 |     3 ||     5
  Use: Scroll            |     7 |     3 |    11 ||    21
       Potion            |     3 |     1 |     3 ||     7
  Eat: Meat ration       |     1 |     1 |       ||     2
       Pizza             |       |       |     1 ||     1
Armor: Scale mail        |    66 |    66 |    40 ||   172
Dodge: Dodged            |    55 |    48 |    28 ||   131
Block: Shield            |    75 |    89 |    59 ||   223
